 Dungeon Crawl Stone Soup version 0.25-a0-156-g0c4bda3fdf (webtiles) character file.

Game seed: 11136736288067730098, levelgen mode: deterministic

1678 Leeroy the Skirmisher (level 8, -5/73 HPs)
             Began as a Red Draconian Skald on Nov 20, 2019.
             Was a Follower of Okawaru.
             Slain by an orc knight
             ... wielding a +0 glaive
              (34 damage)
             ... in a bailey.
             The game lasted 00:14:33 (7366 turns).

Leeroy the Skirmisher (Red Draconian Skald)         Turns: 7366, Time: 00:14:34

Health: -5/73      AC:  6    Str: 14    XL:     8   Next: 70%
Magic:  11/11      EV: 15    Int: 13    God:    Okawaru [*.....]
Gold:   239        SH:  0    Dex: 13    Spells: 1/11 levels left

rFire    + . .     SeeInvis .   A - +3 trident of Wituywkuc {pierce, rC++}
rCold    + + .     Gourm    .   (no shield)
rNeg     . . .     Faith    .   (armour unavailable)
rPois    .         Spirit   .   (helmet restricted)
rElec    .         Reflect  .   Q - scarf {cloud immunity}
rCorr    .         Harm     .   (no gloves)
MR       .....                  (no boots)
Stlth    +.........             (no amulet)
HPRegen  0.22/turn              (no ring)
MPRegen  0.12/turn              (no ring)

@: short of breath
A: breathe fire, unfitting armour, blurry vision 1, fire resistance 1,
cold-blooded, AC +6
a: Breathe Fire, Heroism, Renounce Religion


You were in a bailey.
You worshipped Okawaru.
Okawaru was aware of your devotion.
You were very hungry.

You visited 1 branch of the dungeon, and saw 7 of its levels.
You also visited: Bailey.

You collected 423 gold pieces.
You spent 184 gold pieces at shops.

Inventory:

Hand Weapons
 a - a +0 falchion
 b - a +0 hunting sling
 e - a +0 dagger
 n - a +1 hunting sling of velocity
 t - a +0 scimitar
 A - the +3 trident of Wituywkuc (weapon) {pierce, rC++}
   (You found it on level 4 of the Dungeon)

   It inflicts extra damage upon your enemies.
   It greatly protects you from cold.
 D - a +3 quarterstaff of chaos
 L - a +2 dagger of chaos
 U - the +6 falchion of Otaogg {slice, *Contam rPois rC+ MR++}
   (You bought it in a shop on level 7 of the Dungeon)

   It inflicts extra damage upon your enemies.
   It protects you from cold.
   It protects you from poison.
   It affects your resistance to hostile enchantments.
   It causes magical contamination when unequipped.
Missiles
 p - 6 curare-tipped darts
 s - 110 stones
 y - 10 boomerangs
 I - 3 throwing nets
 N - 17 arrows
 O - 3 javelins (quivered)
Armour
 G - a cursed +0 cloak
 H - a +0 shield
 K - a +0 cloak
 Q - a scarf of cloud immunity (worn)
Jewellery
 f - an uncursed ring of fire
 j - an uncursed ring of magical power {unknown}
 m - an uncursed ring of flight
 E - a cursed ring of attention {unknown}
Wands
 F - a wand of disintegration (6)
 M - a wand of iceblast (10)
Scrolls
 g - 5 scrolls of remove curse
 h - 2 scrolls of magic mapping
 i - 4 scrolls of enchant armour
 k - a scroll of enchant weapon {unknown}
 l - a scroll of amnesia {unknown}
 r - a scroll of noise {unknown}
 v - 3 scrolls of teleportation {unknown}
 J - a scroll of fog {unknown}
 P - a scroll of identify
 R - a scroll of torment {unknown}
Potions
 d - 2 potions of heal wounds
 o - a potion of agility
 q - 4 potions of curing {unknown}
 u - a potion of invisibility {unknown}
 w - a potion of flight {unknown}
 x - a potion of ambrosia {unknown}
 z - a potion of cancellation {unknown}
 B - a potion of lignification {unknown}
 C - a potion of might {unknown}
 T - a potion of mutation {unknown}
Comestibles
 c - 12 rations


   Skills:
 - Level 7.0 Fighting
 - Level 5.0 Long Blades
 - Level 6.2 Dodging
 - Level 2.0 Spellcasting
 - Level 3.2 Hexes
 - Level 3.1 Charms
 + Level 2.1 Necromancy


You had one spell level left.
You knew the following spells:

 Your Spells              Type           Power        Failure   Level  Hunger
a - Infusion              Chrm           #...         7%          1    ##.....
b - Spectral Weapon       Hex/Chrm       #.......     21%         3    ####...
c - Regeneration          Chrm/Necr      #.........   26%         3    ####...
d - Vampiric Draining     Necr           #.........   32%         3    ####...

Your spell library contained the following spells:

 Spells                   Type           Power        Failure   Level  Hunger
 Animate Skeleton         Necr           N/A          11%         1    ##.....
 Pain                     Necr           #...         11%         1    ##.....
 Beastly Appendage        Tmut           #.....       26%         1    ##.....
 Song of Slaying          Chrm           #.......     11%         2    ###....
 Shroud of Golubria       Chrm/Tloc      #.....       21%         2    ###....
 Sticks to Snakes         Tmut           #.......     36%         2    ###....
 Spider Form              Tmut/Pois      #.........   58%         3    ####...
 Animate Dead             Necr           N/A          71%         4    #####..
 Ice Form                 Ice/Tmut       #.......     94%         4    #####..
 Blade Hands              Tmut           #.........   100%        5    ######.


Dungeon Overview and Level Annotations

Branches:
Dungeon (7/15)             Bailey (1/1)
 Temple: D:4-7

Altars:
Dithmenos
Hepliaklqana
Makhleb
Nemelex Xobeh
Okawaru
Qazlal
Ru
Vehumet
Wu Jian
Xom

Shops:
D:7 ((


Innate Abilities, Weirdness & Mutations

You can breathe blasts of fire.
Your fiery red scales are hard. (AC +6)
You cannot fit into any form of body armour.
Your flesh is heat resistant. (rF+)
You are cold-blooded and may be slowed by cold attacks.
Scrolls take you a little longer to read.


Message History

Confirm with . or Enter, or press ? or * to list all spells.
Aiming: Vampiric Draining (safe; 32% risk of failure)
Press: ? - help, Shift-Dir - straight line Out of range.
Okay, then.
Casting: Vampiric Draining (safe; 32% risk of failure)
Confirm with . or Enter, or press ? or * to list all spells.
Okay, then.
Okay, then.
Okay, then.
Throwing (i - inventory. (/) - cycle)
p - 6 curare-tipped darts (quivered)
Press: ? - help, Shift-Dir - straight line, f - orc knight
Aim: an orc knight, wielding a +0 glaive and wearing a +0 plate armour (unusually strong)
Okay, then.
Quiver which item? (- for none, * to show all) (? for menu, Esc to quit)
Quivering
O - 3 javelins for throwing.
The orc knight hits you from afar with a +0 glaive!!!
Ouch! That really hurt!
The orc knight hits you from afar with a +0 glaive!!
You die...

######## ##########.≈.#
##.$$$.# .........##.....##.≈.#
.## .≈≈≈≈≈≈≈..##...##..≈.# ..##
§≈.....≈≈..+#.##..≈≈.# ≈..#
≈...⌠...≈≈..#+#..≈≈.## ≈..#
≈..⌠∩⌠.o≈§§.# #..≈≈.∩# ..##
≈≈...oo§≈..# ##..≈≈.# .##
§§≈≈≈≈≈≈.§# ##..≈.# ##
.§.....@.# ##)≈.#
#############+###'#########.≈.#
.....)...##.....##..........≈.#
≈≈≈≈≈≈≈≈..##.∩.##..≈≈≈≈≈≈≈≈≈≈.#
.......≈≈..## ##..≈≈..........#
######..≈≈..###.)≈≈..##########
##..≈≈.....≈≈..##
##..≈≈≈≈≈≈≈..## ##.........##


You could see 3 orc knights.

Vanquished Creatures
  Eustachio (D:4)
  An ice beast (D:4)
  A sky beast (D:7)
  An ogre (D:4)
  3 orc warriors (Bailey)
  A necrophage (D:7)
  A phantom (D:6)
  A centaur (D:6)
  2 bullfrogs
  3 crimson imps
  A bullfrog zombie (D:5)
  Crazy Yiuf (D:3)
  A bullfrog skeleton (D:5)
  Jessica (D:2)
  An orc wizard (D:4)
  4 worker ants
  A worker ant zombie (D:5)
  6 gnolls (D:5)
  7 adders
  A shadow imp (D:7)
  2 oozes
  An adder zombie (D:5)
  An adder skeleton (D:4)
  2 worms (D:2)
  6 dart slugs
  4 leopard geckos
  24 orcs
  3 giant cockroaches
  7 hobgoblins
  4 jackals (D:3)
  3 quokkas
  2 ball pythons
  4 bats
  9 frilled lizards
  13 goblins
  A jackal skeleton (D:4)
  5 kobolds
  5 rats
135 creatures vanquished.

Notes
Turn   | Place    | Note
-------+----------+-------------------------------------------
     0 | D:1      | Leeroy the Draconian Skald began the quest for the Orb.
     0 | D:1      | Reached XP level 1. HP: 17/17 MP: 3/3
   174 | D:1      | Reached XP level 2. HP: 24/24 MP: 5/5
   615 | D:2      | Noticed Jessica
   622 | D:2      | Killed Jessica
   622 | D:2      | Reached XP level 3. HP: 23/29 MP: 2/6
   627 | D:2      | Learned a level 3 spell: Spectral Weapon
   736 | D:2      | Found an ornate altar of the Wu Jian Council.
  1013 | D:2      | Reached XP level 4. HP: 33/36 MP: 7/7
  1425 | D:3      | Reached skill level 5 in Long Blades
  1497 | D:3      | Reached skill level 1 in Hexes
  1497 | D:3      | Reached XP level 5. HP: 24/41 MP: 5/8
  2019 | D:3      | Found a shadowy altar of Dithmenos.
  2263 | D:3      | Found a runed translucent door.
  2264 | D:3      | Noticed Crazy Yiuf
  2543 | D:3      | Learned a level 3 spell: Regeneration
  2579 | D:4      | Noticed an ice beast
  2600 | D:4      | Killed an ice beast
  2791 | D:4      | Got a dazzling trident
  2804 | D:4      | Identified the cursed +3 trident of Wituywkuc {pierce,
                  | rC++} (You found it on level 4 of the Dungeon)
  2834 | D:4      | Reached XP level 6. HP: 45/48 MP: 5/9
  3286 | D:4      | Reached skill level 3 in Fighting
  3439 | D:4      | Noticed Eustachio
  3470 | D:5      | Entered Level 5 of the Dungeon
  3804 | D:4      | Killed Eustachio
  3804 | D:4      | Reached skill level 5 in Fighting
  3804 | D:4      | Your scales start taking on a fiery red colour.
  3804 | D:4      | Reached XP level 7. HP: 49/61 MP: 6/10
  3804 | D:4      | Gained mutation: Your flesh is heat resistant. (rF+) [Red
                  | Draconian growth]
  4542 | D:3      | Killed Crazy Yiuf
  4728 | D:5      | Reached skill level 6 in Fighting
  5450 | D:5      | Reached skill level 7 in Fighting
  5496 | D:5      | Found a burning altar of Makhleb.
  5507 | D:5      | Found a shimmering altar of Xom.
  5994 | D:5      | Found a hazy altar of Hepliaklqana.
  6000 | D:5      | Found a radiant altar of Vehumet.
  6000 | D:5      | Found an iron altar of Okawaru.
  6001 | D:5      | Found a stormy altar of Qazlal.
  6004 | D:5      | Found a sacrificial altar of Ru.
  6005 | D:5      | Found a sparkling altar of Nemelex Xobeh.
  6009 | D:5      | Became a worshipper of Warmaster Okawaru
  6238 | D:6      | Reached XP level 8. HP: 40/73 MP: 11/11
  6800 | D:7      | Reached skill level 5 in Dodging
  6808 | D:7      | Found Dyl Wine's Antique Weapon Shoppe.
  6817 | D:7      | Bought a faintly glowing falchion for 184 gold pieces
  6818 | D:7      | Identified the +6 falchion of Otaogg {slice, *Contam rPois
                  | rC+ MR++} (You bought it in a shop on level 7 of the
                  | Dungeon)
  6835 | D:7      | Found a flagged portal.
  6835 | D:7      | Found Kirap's Weapon Emporium.
  6864 | Bailey   | Entered a bailey
  6884 | Bailey   | Reached * piety under Okawaru
  6912 | Bailey   | Gained mutation: Scrolls take you a little longer to read.
                  | [mutagenic glow]
  7125 | Bailey   | Learned a level 3 spell: Vampiric Draining
  7354 | Bailey   | Noticed an orc knight
  7354 | Bailey   | Noticed an orc knight
  7354 | Bailey   | Noticed an orc knight
  7366 | Bailey   | Slain by an orc knight

Levels and vault maps discovered:
D:1:      minmay_arrival_jagged, layout_loops_ring
D:2:      layout_loops_ring, minmay_hexomino_r4, uniq_jessica
D:3:      layout_loops_cross, grunt_dithmenos_smoke, chequers_mini_garden,
          uniq_crazy_yiuf_cottage
D:4:      layout_layer_cave, first_ration, uniq_eustachio
D:5:      layout_loops_cross, grunt_temple_overflow_champion_of_chaos,
          minitemple
D:6:      layout_gridville, st_stairs_12
D:7:      minmay_the_grid_octo_tiled_octocenter [minmay_the_grid_octo_teeth,
          minmay_the_grid_octo_checkered, minmay_the_grid_octo_thin_diamonds,
          minmay_the_grid_octo_tetromino_candy,
          minmay_the_grid_octo_prize_ultimate_mussel_roller,
          minmay_the_grid_square_5x5_tetrominoes,
          minmay_the_grid_square_5x5_two_walls_b,
          minmay_the_grid_square_5x5_n_small, minmay_the_grid_square_5x5_fat_x],
          layout_basic, minmay_temple_entry_junction_2, serial_shops, shop,
          shop, nicolae_shop_overgrown_old_shop, enter_bailey_3,
          nicolae_ossuary_entry_giza
Bailey:   bailey_polearm_1, bailey

Skill      XL: |  1  2  3  4  5  6  7  8 |
---------------+-------------------------+-----
Long Blades    | 3 4 5 |  5.0
Hexes          | 1 3 |  3.2
Fighting       | 5 7 |  7.0
Charms         | 3 |  3.1
Dodging        | 3 6 |  6.2
Necromancy     | 2 |  2.1
Spellcasting   | |  2.0

Action                   |  1- 3 |  4- 6 |  7- 9 || total
-------------------------+-------+-------+-------++-------
Melee: Falchion          |    43 |       |     9 ||    52
       Tailslap          |     8 |    15 |    14 ||    37
       Scimitar          |    21 |   105 |       ||   126
       Trident           |       |    42 |   180 ||   222
 Cast: Infusion          |     2 |     1 |       ||     3
       Spectral Weapon   |       |     5 |     2 ||     7
 Abil: Breathe Fire      |       |       |     3 ||     3
  Use: Scroll            |     2 |     6 |     1 ||     9
       Potion            |       |       |     1 ||     1
 Stab: Sleeping          |     3 |     1 |     2 ||     6
  Eat: Chunk             |       |     9 |    12 ||    21
Armor: Skin              |    15 |    58 |    51 ||   124
Dodge: Dodged            |    34 |    94 |   120 ||   248
       Rpst.: Falchion   |     7 |       |     3 ||    10
       Scimitar          |     2 |    24 |       ||    26

Table legend:
 A = Non-vault XP
 B = Vault XP
 C = Vault XP percentage of total XP
 D = Non-vault monster count
 E = Vault monster count
 F = Vault count percentage of total count
                 A         B        C        D         E       F
            +---------+---------+-------+---------+---------+-------
      Total |    1630 |     768 |  32.0 |     109 |      26 |  19.3
            +---------+---------+-------+---------+---------+-------
        D:1 |      18 |       0 |   0.0 |       9 |       0 |   0.0
        D:2 |      75 |      45 |  37.5 |      22 |       6 |  21.4
        D:3 |     106 |      39 |  26.9 |      30 |       1 |   3.2
        D:4 |     344 |     214 |  38.4 |      20 |       1 |   4.8
        D:5 |     407 |      48 |  10.5 |      18 |       1 |   5.3
        D:6 |     310 |       0 |   0.0 |       5 |       0 |   0.0
        D:7 |     370 |       8 |   2.1 |       5 |       4 |  44.4
     Bailey |       0 |     414 | 100.0 |       0 |      13 | 100.0
            +---------+---------+-------+---------+---------+-------
